 Dungeon Crawl Stone Soup version 0.30-a0-331-g8ab09dc110 (webtiles) character file.

Game seed: 14410562972971879260

2140 MisterAzrael the Thaumaturge (level 9, 0/45 HPs)
             Began as a Deep Elf Conjurer on Oct 29, 2022.
             Was an Initiate of Sif Muna.
             Slain by a killer bee (4 damage)
             ... on level 9 of the Dungeon.
             The game lasted 00:16:18 (10050 turns).

MisterAzrael the Thaumaturge (Deep Elf Conjurer)   Turns: 10050, Time: 00:16:19

Health: 0/45       AC:  7    Str:  4    XL:     9   Next: 9%
Magic:  14/23      EV: 12    Int: 34    God:    Sif Muna [......]
Gold:   203        SH:  0    Dex: 13    Spells: 1/24 levels left

rFire   . . .      SeeInvis +    z - +2 dagger (freeze)
rCold   . . .      Faith    +    (no shield)
rNeg    . . .      Spirit   .    a - +0 robe
rPois   .          Reflect  .    y - +2 helmet
rElec   .          Harm     .    w - scarf {+Inv}
rCorr   .          Rampage  .    s - +1 pair of gloves
Will    .....                    (no boots)
Stlth   ++........               k - amulet of faith
HPRegen 0.27/turn                l - +6 ring of intelligence
MPRegen 0.18/turn                p - ring of see invisible

@: lethally poisoned (0 -> -2), very slightly contaminated
A: no striking features
a: Renounce Religion, Evoke Invisibility


You were on level 9 of the Dungeon.
You worshipped Sif Muna.
Sif Muna was noncommittal.
You visited 1 branch of the dungeon, and saw 9 of its levels.

You collected 595 gold pieces.
You spent 392 gold pieces at shops.

Inventory:

Hand Weapons
 z - a +2 dagger of freezing (weapon)
Armour
 a - a +0 robe (worn)
 s - a +1 pair of gloves (worn)
 w - a scarf of invisibility (worn)
 y - a +2 helmet (worn)
Jewellery
 j - a ring of resist corrosion
 k - an amulet of faith (around neck)
 l - a +6 ring of intelligence (left hand)
 m - a +6 ring of strength
 p - a ring of see invisible (right hand)
Wands
 n - a wand of iceblast (10)
 B - a wand of flame (5)
Scrolls
 c - 4 scrolls of teleportation
 g - 2 scrolls of enchant armour
 h - 2 scrolls of blinking {unknown}
 o - 2 scrolls of immolation
 q - a scroll of fear
 u - 4 scrolls of magic mapping {unknown}
 x - 2 scrolls of enchant weapon {unknown}
 A - 2 scrolls of identify
 C - a scroll of amnesia {unknown}
Potions
 d - a potion of lignification {unknown}
 e - 4 potions of haste
 f - 3 potions of attraction {unknown}
 i - a potion of resistance {unknown}
 r - 2 potions of curing {unknown}
 t - a potion of mutation {unknown}
 v - 2 potions of flight {unknown}
Miscellaneous
 b - a box of beasts


   Skills:
 * Level 0.0 Short Blades
 - Level 2.7 Dodging
 - Level 2.7 Stealth
 - Level 1.0 Unarmed Combat
 + Level 8.0 Spellcasting
 + Level 7.5 Conjurations
 * Level 5.4 Transmutations
 - Level 4.5 Air Magic
 * Level 5.4 Poison Magic


You had one spell level left.
You knew the following spells:

 Your Spells              Type           Power      Damage    Failure   Level
a - Magic Dart            Conj           100%       1d8       1%          1
b - Searing Ray           Conj           100%       2d8       1%          2
c - Swiftness             Air            44%        N/A       1%          3
d - Alistair's Intoxicat  Tmut/Pois      33%        N/A       10%         5
e - Dazzling Flash        Conj/Hex       78%        N/A       1%          3
f - Fulminant Prism       Conj/Hex       19%        3d10      7%          4
g - Blade Hands           Tmut           25%        N/A       10%         5

Your spell library contained the following spells:

 Spells                   Type           Power      Damage    Failure   Level
 Shock                    Conj/Air       100%       1d9       1%          1
 Apportation              Tloc           26%        N/A       3%          1
 Passwall                 Tmut/Erth      25%        N/A       1%          2
 Ensorcelled Hibernation  Hex/Ice        26%        N/A       4%          2
 Scorch                   Fire           26%        2d6       4%          2
 Airstrike                Air            22%        2d(4-20)  4%          4
 Flame Wave               Conj/Fire      39%        2d11      7%          4
 Iskenderun's Mystic Bla  Conj/Tloc      39%        2d9       7%          4
 Gell's Gravitas          Tloc           13%        N/A       10%         3
 Lesser Beckoning         Tloc           26%        N/A       10%         3
 Ozocubu's Armour         Ice            13%        N/A       10%         3
 Portal Projectile        Hex/Tloc       26%        N/A       10%         3
 Teleport Other           Tloc           13%        N/A       10%         3
 Tukima's Dance           Hex            13%        N/A       10%         3
 Dispersal                Tloc           6%         N/A       99%         6
 Summon Cactus Giant      Summ           6%         N/A       99%         6
 Ozocubu's Refrigeration  Ice            6%         4d8       100%        7


Dungeon Overview and Level Annotations

Branches:
Dungeon (9/15)             Temple (0/1) D:7
   Lair: D:8-11         Orc: D:9-12

Altars:
Ashenzari
Fedhas
Gozag
Qazlal
Sif Muna
Trog
Uskayaw
Yredelemnul

Shops:
D:1 =:

Annotations:
D:6 1 runed translucent door, Crazy Yiuf


Message History

Casting: Blade Hands (quite dangerous; 10% risk of failure)
Confirm with . or Enter, or press ? or * to list all spells.
You can't see any susceptible monsters within range! (Use Z to cast anyway.)
Casting: Blade Hands (quite dangerous; 10% risk of failure)
Confirm with . or Enter, or press ? or * to list all spells.
Casting: Dazzling Flash (safe; 1% risk of failure)
Press: ? - help, Dir - look around, f - activate
Okay, then.
The killer bee stings you.
You are poisoned.
The killer bee poisons you! The killer bee misses you.
The killer bee completely misses you.
Casting: Dazzling Flash (safe; 1% risk of failure)
Confirm with . or Enter, or press ? or * to list all spells.
Casting: Dazzling Flash (safe; 1% risk of failure)
Press: ? - help, Dir - look around, f - activate The killer bee is dazzled.
You feel sick. The killer bee closely misses you.
The killer bee stings you but does no damage.
The killer bee stings you. x2
You feel sick. The killer bee stings you. x2
Casting: Dazzling Flash (safe; 1% risk of failure)
Confirm with . or Enter, or press ? or * to list all spells.
Casting: Dazzling Flash (safe; 1% risk of failure)
Press: ? - help, Dir - look around, f - activate The killer bee is dazzled.
You feel sick. The killer bee barely misses you.
The killer bee closely misses you. The killer bee barely misses you.
The killer bee stings you!
* * * LOW HITPOINT WARNING * * *
The killer bee barely misses you. The killer bee stings you.
* * * LOW HITPOINT WARNING * * *
Casting: Dazzling Flash (safe; 1% risk of failure)
Confirm with . or Enter, or press ? or * to list all spells.
Casting: Dazzling Flash (safe; 1% risk of failure)
Press: ? - help, Dir - look around, f - activate You miscast Dazzling Flash.
You are very lightly contaminated with residual magic.
Nothing appears to happen.
You feel sick. The killer bee stings you.
* * * LOW HITPOINT WARNING * * *
The killer bee stings you.
You die...

##...........
#............
#............
#............
#............
>..........
##.........
##yyy.......
##..@..##....
#..##...# #
##.####...#
##.## ....#
##..# .....#
#..## #.....#
##.## ......
##.## ..###.
########..#


You could see 3 killer bees.

Vanquished Creatures
  A wyvern (D:8)
  Menkaure (D:6)
  An acid dragon (D:8)
  An orc warrior (D:7)
  A sky beast (D:7)
  3 black bears
  A centaur (D:7)
  A kobold brigand (D:6)
  A bullfrog (D:7)
  2 necrophages (D:6)
  4 scorpions
  A howler monkey (D:5)
  3 hounds
  3 orc priests
  A jelly (D:5)
  An iguana (D:5)
  8 orc wizards
  3 gnolls (D:3)
  5 adders
  A shadow imp (D:7)
  3 white imps
  An ufetubus (D:7)
  A worm (D:2)
  A dart slug (D:1)
  15 orcs
  15 ball pythons
  9 endoplasms
  5 giant cockroaches
  5 goblins
  13 hobgoblins
  10 jackals
  7 quokkas
  7 bats
  2 frilled lizards
  8 kobolds
  5 rats
150 creatures vanquished.

Vanquished Creatures (others)
  A fulminant prism (D:8)
1 creature vanquished.

Grand Total: 151 creatures vanquished

Notes
Turn   | Place    | Note
-------+----------+-------------------------------------------
     0 | D:1      | MisterAzrael the Deep Elf Conjurer began the quest for the
                  | Orb.
     0 | D:1      | Reached XP level 1. HP: 10/10 MP: 6/6
   141 | D:1      | Found Xyryraec's Book Shop.
   200 | D:1      | Reached XP level 2. HP: 15/15 MP: 6/8
   225 | D:1      | Learned a level 2 spell: Searing Ray
   247 | D:1      | Found Wemytitz's Jewellery Boutique.
   942 | D:1      | Found a faded altar of an unknown god.
  1037 | D:2      | Reached XP level 3. HP: 19/19 MP: 3/10
  1212 | D:2      | Reached skill level 4 in Spellcasting
  1258 | D:2      | Found an opulent altar of Gozag.
  1450 | D:2      | Reached skill level 5 in Conjurations
  2384 | D:2      | Identified the +0 ring mail of Feasting {rElec rPois Int-5}
  2927 | D:3      | Reached XP level 4. HP: 24/24 MP: 9/12
  2931 | D:3      | Learned a level 3 spell: Swiftness
  3516 | D:3      | Reached skill level 1 in Air Magic
  3742 | D:3      | Noticed a scorpion
  3762 | D:3      | Killed a scorpion
  3763 | D:3      | Reached skill level 5 in Spellcasting
  3763 | D:3      | Reached XP level 5. HP: 28/28 MP: 1/14
  5008 | D:5      | Entered Level 5 of the Dungeon
  5068 | D:5      | Reached XP level 6. HP: 32/32 MP: 9/16
  5275 | D:5      | Reached skill level 6 in Spellcasting
  5466 | D:5      | Found a hide-covered altar of Uskayaw.
  5511 | D:5      | Found a blossoming altar of Fedhas.
  5527 | D:5      | Reached XP level 7. HP: 27/36 MP: 9/18
  5812 | D:6      | Learned a level 5 spell: Alistair's Intoxication
  6249 | D:6      | Found a stormy altar of Qazlal.
  6296 | D:6      | Noticed Menkaure
  6303 | D:6      | Killed Menkaure
  6304 | D:6      | Reached skill level 1 in Transmutations
  6304 | D:6      | Reached skill level 1 in Poison Magic
  6626 | D:6      | Reached XP level 8. HP: 37/41 MP: 12/20
  6696 | D:6      | Reached skill level 7 in Spellcasting
  6977 | D:6      | Found a runed translucent door.
  6978 | D:6      | Noticed Crazy Yiuf
  7025 | D:6      | Found a shimmering blue altar of Sif Muna.
  7040 | D:6      | Became a worshipper of Sif Muna the Loreminder
  7212 | D:7      | Found a staircase to the Ecumenical Temple.
  7393 | D:7      | Learned a level 3 spell: Dazzling Flash
  7398 | D:7      | Learned a level 4 spell: Fulminant Prism
  7544 | D:7      | Found a broken altar of Ashenzari.
  8469 | D:7      | Found a basalt altar of Yredelemnul.
  8579 | D:7      | Found a bloodstained altar of Trog.
  8910 | D:7      | Reached skill level 5 in Transmutations
  8910 | D:7      | Reached skill level 5 in Poison Magic
  9153 | D:1      | Bought a book of Weapons for 392 gold pieces
  9510 | D:8      | Reached XP level 9. HP: 34/45 MP: 8/22
  9619 | D:8      | Reached skill level 1 in Unarmed Combat
  9619 | D:8      | Reached skill level 8 in Spellcasting
  9792 | D:8      | Learned a level 5 spell: Blade Hands
  9797 | D:8      | Identified the ring "Penicheu" {rPois rN+ Str+4 Int+4
                  | Dex-4}
  9798 | D:8      | Identified the ring "Igearajut" {rElec rPois Will- rCorr
                  | Int+10}
 10050 | D:9      | Slain by a killer bee

Illustrated notes

Levels and vault maps discovered:
D:1:      minmay_arrival_glassed_features, layout_basic,
          hellmonk_ecumenical_altar_inner_sanctum, serial_shops, shop,
          nicolae_shop_hallway_stairs, minivault_4
D:2:      minmay_chambers_of_twos, layout_loops_ring, basic_altar
D:3:      minmay_octagon_keep, layout_loops_corners
D:4:      layout_basic
D:5:      layout_rooms, amcnicky_altar_gilded, mainiacjoe_overflow_catwalk
D:6:      layout_basic, mainiacjoe_overflow_alcove_4,
          mainiacjoe_overflow_tiny_flanked, hangedman_decor_points,
          hangedman_abyss_or_decor_stagger, uniq_menkaure,
          uniq_crazy_yiuf_cottage
D:7:      layout_basic, lemuel_crystal_altar, mainiacjoe_overflow_24_doors,
          general_overflow_altar, minmay_temple_entry_hall,
          minmay_misc_feat_pillars
D:8:      layout_basic, grunt_temple_overflow_opulence, kiku_gazebo_pond_becter
D:9:      layout_cave_pods, grunt_temple_overflow_champion_of_chaos,
          kennysheep_slug_shrine, enter_bailey_2, uniq_amaemon

Skill      XL: |  1  2  3  4  5  6  7  8  9 |
---------------+----------------------------+-----
Spellcasting   | 4 5 6 7 8 |  8.0
Conjurations   | 5 6 7 |  7.5
Air Magic      | 2 3 4 |  4.5
Transmutations | 2 5 |  5.4
Poison Magic   | 2 5 |  5.4
Unarmed Combat | 1 |  1.0
Dodging        | |  2.7
Stealth        | |  2.7

Action                   |  1- 3 |  4- 6 |  7- 9 || total
-------------------------+-------+-------+-------++-------
Melee: Unarmed           |       |       |     3 ||     3
       Dagger            |       |       |     5 ||     5
 Cast: Magic Dart        |    77 |    98 |   112 ||   287
       Searing Ray       |     1 |    10 |    23 ||    34
       Swiftness         |       |     1 |     1 ||     2
       Dazzling Flash    |       |       |     4 ||     4
       Fulminant Prism   |       |       |     1 ||     1
       Blade Hands       |       |       |     2 ||     2
  Use: Scroll            |     8 |       |     3 ||    11
       Potion            |       |     1 |     4 ||     5
 Stab: Invisible         |       |       |     2 ||     2
Armor: Robe              |     2 |     8 |    37 ||    47
Dodge: Dodged            |     4 |    24 |    85 ||   113

Table legend: (Time is in decaauts)
 A = Elapsed time spent in this place.
 B = Non-inter-level travel time spent in this place.
 C = Inter-level travel time spent in this place.
 D = Time resting spent in this place.
 E = Time spent auto-exploring this place.
 F = Levels seen in this place.
 G = Mean time per level.
                   A        B        C        D        E       F      G
               +--------+--------+--------+--------+--------+-----+--------+
         Total |  10054 |   9624 |    430 |   1586 |   6931 |   9 | 1117.1 |
       Dungeon |  10054 |   9624 |    430 |   1586 |   6931 |   9 | 1117.1 |
               +--------+--------+--------+--------+--------+-----+--------+

Top non-repeatable levels by time:
     D:6: 1671 daAuts
     D:7: 1662 daAuts
     D:2: 1540 daAuts
     D:3: 1425 daAuts
     D:1: 1097 daAuts
     D:4: 1082 daAuts
     D:5: 783 daAuts
     D:8: 578 daAuts
     D:9: 212 daAuts
